 Dungeon Crawl Stone Soup version 0.31.0-1-g2c135a008e (webtiles) character file.

Game seed: 3609213223395336246

145 qw the Shooter (level 5, -3/40 HPs)
             Began as a Djinni Hunter on Jan 23, 2024.
             Killed from afar by Sigmund (8 damage)
             ... with a magic dart
             ... on level 3 of the Dungeon.
             The game lasted 00:00:12 (2256 turns).

qw the Shooter (Djinni Hunter)                      Turns: 2256, Time: 00:00:12

Health: -3/40      AC:  6    Str: 14    XL:     5   Next: 53%
Gold:   94         EV: 11    Int: 10    God:
                   SH:  0    Dex: 17

rFire   + + .        a - +0 shortbow
rCold   x . .        (shield currently unavailable)
rNeg    . . .        e - +0 ring mail
rPois   inf          b - +0 helmet
rElec   .            (no cloak)
rCorr   .            (no gloves)
SInv    .            (boots unavailable)
Will    .....        (no amulet)
Stlth   +            (no ring)
HPRegen 0.26/turn    (no ring)
MPRegen 0.00/turn

%: infuse magic (-4 HP)
@: flying
A: sickness immunity, fire resistance 2, cold vulnerability 1, float, innate
caster, HP casting, extra vitality 1, strong 1, wild magic 1
a: no special abilities


You were on level 3 of the Dungeon.
You visited 1 branch of the dungeon, and saw 3 of its levels.

You collected 134 gold pieces.
You spent 40 gold pieces at shops.


Innate Abilities, Weirdness & Mutations

You are immune to sickness and miasma.
You are immune to poison.
Your flesh is very heat resistant. (rF++)
You are vulnerable to cold. (rC-)
You float through the air rather than walking.
You learn spells naturally, not from books.
Your magical power is your life essence.
You have superior vitality. (+4 MHP)
Your muscles are strong. (Str +4, Int/Dex -1)
Your spells are a little harder to cast, but a little more powerful.


   Skills:
 - Level 3.0 Fighting
 + Level 4.6 Ranged Weapons
 - Level 1.0 Armour
 - Level 2.5 Dodging
 - Level 0.7 Stealth


You knew the following spells:

 Your Spells              Type           Power      Damage    Failure   Level
a - Sandblast             Erth           0%         2d4       69%         1
b - Static Discharge      Conj/Air       0%         3-3/arc   82%         2
Your spell library was empty.

Inventory:

Hand Weapons
 a - a +0 shortbow (weapon)
Armour
 b - a +0 helmet (worn)
 e - a +0 ring mail (worn)
Jewellery
 f - a ring of fire
Scrolls
 c - a scroll of identify
Potions
 d - a potion of might

Dungeon Overview and Level Annotations

Branches:
Dungeon (3/15)

Altars:

Shops:
D:2 ?[((   D:3 (

Annotations:
D:3 Sigmund, Terence


Message History

You shoot an arrow. Something hits you.
You shoot an arrow. Something hits you but does no damage.
2216 ||| FLEEEEING.
A puff of flame appears from out of thin air!
The puff of flame misses you.
You shoot an arrow.
2227 ||| FLEEEEING.
You shoot an arrow. You shoot an arrow. Something hits you.
You hear some strange, mumbled words.
You are confused.
You are more confused.
You shoot an arrow.
You hear some strange, mumbled words.
Something tries to affect you, but you resist.
2238 ||| FLEEEEING.
You bump into the rock wall.
Something hits you!
You bump into the rock wall.
You're too confused to move!
Something hits you.
You bump into the rock wall.
You feel less confused.
Sigmund appears from thin air!
Reactivating autopickup.
Sigmund gestures wildly while chanting.
Sigmund flickers and vanishes!
Deactivating autopickup; reactivate with Ctrl-A.
You shoot an arrow. Something hits you!
2249 ||| FLEEEEING.
Something hits you! Something hits you.
There is a stone staircase leading up here.
2256 ||| STAIRDANCE A magic dart appears from out of thin air!
The magic dart hits you!
You die...

.# #g#... ##.##.# .# #.##.#
.##.##.# .# #g##.##.......# .#
### #.##..........# .#
##.###g##..# #.#..#
.######)#)).)....####.#..#
.o........##)##..........#######
.#######..##.##.)####..#.......#
## #..##.##)@# #....#.#####
#..##.##..# #.##.#.#
#.........####.##.#.######
#.###.....{....##......... #.#
####............####.# #.
############.# ##. ## #.# ## .#
#.# # .# #.# #


There were no monsters in sight!

Vanquished Creatures
  Robin (D:2)
  5 adders
  2 dart slugs
  A ribbon worm (D:2)
  4 orcs
  4 endoplasms
  3 giant cockroaches
  21 goblins
  5 hobgoblins
  8 jackals
  A quokka (D:1)
  3 ball pythons
  5 bats
  4 frilled lizards
  A kobold (D:2)
  5 rats
73 creatures vanquished.

Notes
Turn   | Place    | Note
-------+----------+-------------------------------------------
     0 | D:1      | qw the Djinni Hunter began the quest for the Orb.
     0 | D:1      | Reached XP level 1. HP: 18/18 MP: 0/0
     0 | D:1      | 0 ||| qw: Version: 0.3-a-132-g3d54051
     0 | D:1      | 0 ||| qw: Game counter: 633
     0 | D:1      | 0 ||| qw: Melee chars always use a shield: true
     0 | D:1      | 0 ||| qw: God list: Okawaru
     0 | D:1      | 0 ||| qw: Allow faded altars: false
     0 | D:1      | 0 ||| qw: Do Orc after clearing Dungeon:15 true
     0 | D:1      | 0 ||| qw: Do second Lair branch before Depths: true
     0 | D:1      | 0 ||| qw: Lair rune preference: random
     0 | D:1      | 0 ||| qw: Goals: Normal
     0 | D:1      | 0 ||| PLANNING D:1-11
    96 | D:1      | Reached XP level 2. HP: 23/23 MP: 0/0
   446 | D:1      | Found a faded altar of an unknown god.
   549 | D:1      | Reached skill level 4 in Ranged Weapons
   549 | D:1      | Reached XP level 3. HP: 27/28 MP: 0/0
   549 | D:1      | Learned a level 1 spell: Sandblast
   770 | D:1      | 770 ||| READING 3 scrolls labelled XOXTURILOLAH.
   770 | D:1      | 770 ||| IDENTIFYING blue potion
   771 | D:1      | 771 ||| READING 2 scrolls of identify.
   771 | D:1      | 771 ||| IDENTIFYING scroll labelled ZIEFRAK EGAEK
   772 | D:1      | 772 ||| READING scroll of identify.
   772 | D:1      | 772 ||| IDENTIFYING scroll labelled VAKILA GIAL
   773 | D:1      | 773 ||| DROPPING scroll of butterflies.
   774 | D:1      | 774 ||| DROPPING scroll of revelation.
   912 | D:2      | Reached skill level 3 in Fighting
   912 | D:2      | Reached XP level 4. HP: 35/35 MP: 0/0
   975 | D:2      | Found Agiaff's Weapon Shop.
   984 | D:2      | Found Rengo's Weapon Emporium.
  1004 | D:2      | 1004 ||| UPGRADING to +0 helmet.
  1009 | D:2      | 1009 ||| UPGRADING to +0 ring mail.
  1019 | D:2      | 1019 ||| DROPPING +0 leather armour.
  1043 | D:2      | Found Sawnixt Kihi's Magic Scroll Boutique.
  1053 | D:2      | 1053 ||| BUYING scroll of identify (20 gold).
  1053 | D:2      | Bought a scroll of identify for 20 gold pieces
  1053 | D:2      | 1053 ||| BUYING scroll of identify (20 gold).
  1053 | D:2      | Bought a scroll of identify for 20 gold pieces
  1053 | D:2      | 1053 ||| SHOPLISTING scroll of identify (20 gold, have 19).
  1053 | D:2      | 1053 ||| SHOPLISTING scroll of teleportation (30 gold, have
                  | 19).
  1054 | D:2      | Found Tuafuyny's Armour Emporium.
  1319 | D:2      | Reached skill level 1 in Armour
  1607 | D:2      | 1607 ||| FLEEEEING.
  1609 | D:2      | 1609 ||| STAIRDANCE
  1649 | D:1      | 1649 ||| READING 5 scrolls of identify.
  1649 | D:1      | 1649 ||| IDENTIFYING clear potion
  1650 | D:1      | 1650 ||| DRINKING potion of mutation.
  1650 | D:1      | Gained mutation: Your spells are a little harder to cast,
                  | but a little more powerful. [potion of mutation]
  1650 | D:1      | Gained mutation: Your muscles are strong. (Str +4, Int/Dex
                  | -1) [potion of mutation]
  1651 | D:1      | 1651 ||| READING 4 scrolls of identify.
  1651 | D:1      | 1651 ||| IDENTIFYING metallic orange potion
  1652 | D:1      | 1652 ||| READING 3 scrolls of identify.
  1652 | D:1      | 1652 ||| IDENTIFYING scroll labelled QOHOUK KINIFEN
  1653 | D:1      | 1653 ||| DROPPING potion of degeneration.
  1654 | D:1      | 1654 ||| DROPPING scroll of noise.
  1695 | D:2      | 1695 ||| READING 2 scrolls of identify.
  1695 | D:2      | 1695 ||| IDENTIFYING fuming emerald potion
  1742 | D:3      | Reached XP level 5. HP: 38/40 MP: 0/0
  1742 | D:3      | Learned a level 2 spell: Static Discharge
  1785 | D:3      | Found Cat Jijom's Weapon Shop.
  1812 | D:3      | Noticed Terence
  1831 | D:3      | HP: 7/40 [orc/+0 flail (6)]
  1832 | D:3      | 1832 ||| READING scroll of teleportation.
  1833 | D:3      | 1833 ||| DRINKING potion of heal wounds.
  1836 | D:3      | 1836 ||| FLEEEEING.
  1837 | D:3      | 1837 ||| FLEEEEING.
  1838 | D:3      | 1838 ||| FLEEEEING.
  1839 | D:3      | 1839 ||| FLEEEEING.
  1840 | D:3      | 1840 ||| FLEEEEING.
  1841 | D:3      | 1841 ||| FLEEEEING.
  1842 | D:3      | 1842 ||| FLEEEEING.
  1843 | D:3      | 1843 ||| FLEEEEING.
  1844 | D:3      | 1844 ||| FLEEEEING.
  1845 | D:3      | 1845 ||| FLEEEEING.
  1846 | D:3      | 1846 ||| FLEEEEING.
  1847 | D:3      | 1847 ||| FLEEEEING.
  1848 | D:3      | 1848 ||| FLEEEEING.
  1849 | D:3      | 1849 ||| FLEEEEING.
  1850 | D:3      | 1850 ||| FLEEEEING.
  1851 | D:3      | 1851 ||| FLEEEEING.
  1852 | D:3      | 1852 ||| FLEEEEING.
  1853 | D:3      | 1853 ||| FLEEEEING.
  1854 | D:3      | 1854 ||| FLEEEEING.
  1855 | D:3      | 1855 ||| FLEEEEING.
  1856 | D:3      | 1856 ||| FLEEEEING.
  1857 | D:3      | 1857 ||| FLEEEEING.
  1874 | D:3      | HP: 8/40 [orc/+0 mace (4)]
  1913 | D:3      | 1913 ||| FLEEEEING.
  1913 | D:3      | Noticed Robin
  1915 | D:3      | 1915 ||| FLEEEEING.
  1916 | D:3      | 1916 ||| FLEEEEING.
  1917 | D:3      | 1917 ||| FLEEEEING.
  1918 | D:3      | 1918 ||| FLEEEEING.
  1919 | D:3      | 1919 ||| FLEEEEING.
  1920 | D:3      | 1920 ||| STAIRDANCE
  2005 | D:3      | 2005 ||| STAIRDANCE
  2013 | D:2      | 2013 ||| FLEEEEING.
  2076 | D:3      | 2076 ||| STAIRDANCE
  2090 | D:3      | 2090 ||| STAIRDANCE
  2094 | D:2      | Killed Robin
  2095 | D:2      | 2095 ||| FLEEEEING.
  2204 | D:3      | Noticed Sigmund
  2216 | D:3      | 2216 ||| FLEEEEING.
  2227 | D:3      | 2227 ||| FLEEEEING.
  2238 | D:3      | 2238 ||| FLEEEEING.
  2249 | D:3      | 2249 ||| FLEEEEING.
  2249 | D:3      | HP: 9/40 [something (8)]
  2253 | D:3      | HP: 4/40 [something (6)]
  2256 | D:3      | 2256 ||| STAIRDANCE
  2256 | D:3      | Killed from afar by Sigmund

Levels and vault maps discovered:
D:1:      wander_arrival_fairy_ring, layout_loops_corners,
          ebering_ecumenical_altar_webs
D:2:      minmay_door_path, layout_basic, serial_corexii_hall,
          corexii_hall_statues_l, chequers_hall_statues_corner_a, serial_shops,
          nicolae_shop_crystal, shop, shop, shop, minmay_door_square
D:3:      layout_loops_ring, serial_shops, shop, kennysheep_small_spiral,
          uniq_sigmund, uniq_robin, uniq_crazy_yiuf_cottage, uniq_terence

Skill      XL: |  1  2  3  4 |
---------------+-------------+-----
Ranged Weapons | 4 |  4.6
Fighting       | 3 |  3.0
Armour         | 1 |  1.0
Dodging        | |  2.5
Stealth        | |  0.7

Action                     |  1- 3 |  4- 6 || total
---------------------------+-------+-------++-------
   Fire: Shortbow          |    88 |   190 ||   278
    Use: Scroll            |     3 |     5 ||     8
         Potion            |       |     2 ||     2
 Armour: Leather armour    |    15 |     2 ||    17
         Ring mail         |       |   124 ||   124
  Dodge: Dodged            |    23 |   108 ||   131

Table legend:
 A = Non-vault XP
 B = Vault XP
 C = Vault XP percentage of total XP
 D = Non-vault monster count
 E = Vault monster count
 F = Vault count percentage of total count
                 A         B        C        D         E       F
            +---------+---------+-------+---------+---------+-------
      Total |     150 |      58 |  27.9 |      57 |      16 |  21.9
            +---------+---------+-------+---------+---------+-------
        D:1 |      36 |       0 |   0.0 |      23 |       0 |   0.0
        D:2 |      73 |      46 |  38.7 |      22 |      10 |  31.2
        D:3 |      41 |      12 |  22.6 |      12 |       6 |  33.3
            +---------+---------+-------+---------+---------+-------
